 Dungeon Crawl Stone Soup version 0.25.0-41-g26779e291d (webtiles) character file.

Game seed: 14137761943159795872

23 Ethylacetat the Stinger (level 2, 0/17 HPs)
             Began as an Octopode Venom Mage on July 10, 2020.
             Succumbed to a scorpion's poison
             ... on level 1 of the Dungeon.
             The game lasted 00:04:13 (1347 turns).

Ethylacetat the Stinger (Octopode Venom Mage)       Turns: 1347, Time: 00:04:17

Health: 0/17       AC:  1    Str:  7    XL:     2   Next: 95%
Magic:  1/5        EV: 13    Int: 17    God:
Gold:   94         SH:  0    Dex: 12    Spells: 4/5 levels left

rFire    . . .     SeeInvis .   (no weapon)
rCold    . . .     Gourm    .   (no shield)
rNeg     + . .     Faith    .   (helmet restricted)
rPois    .         Spirit   .   (no amulet)
rElec    .         Reflect  .   a - ring of positive energy
rCorr    .         Harm     .   (no ring)
MR       .....                  (no ring)
Stlth    +++.......             (no ring)
HPRegen  0.05/turn              (no ring)
MPRegen  0.09/turn              (no ring)
                                (no ring)
                                (no ring)

@: lethally poisoned (0 -> -24), very slightly contaminated
A: almost no armour, stealthy swim, amphibious, 8 rings, constrict 8, camouflage
1, gelatinous body 1
a: no special abilities


You were on level 1 of the Dungeon.
You were hungry.

You visited 1 branch of the dungeon, and saw 2 of its levels.

You collected 94 gold pieces.

Inventory:

Jewellery
 a - a ring of positive energy (left tentacle)
 h - a cursed ring of attention {unknown}
Scrolls
 c - a scroll of enchant armour {unknown}
 d - a scroll of remove curse {unknown}
 e - a scroll of identify {unknown}
 f - a scroll of fog {unknown}
 g - a scroll of enchant weapon {unknown}
Comestibles
 b - 2 rations


   Skills:
 - Level 2.0 Dodging
 - Level 2.6 Stealth
 + Level 2.2 Spellcasting
 * Level 1.9 Transmutations
 * Level 4.2 Poison Magic


You had 4 spell levels left.
You knew the following spells:

 Your Spells              Type           Power        Failure   Level  Hunger
a - Sting                 Tmut/Pois      ##..         5%          1    #......

Your spell library contained the following spells:

 Spells                   Type           Power        Failure   Level  Hunger
 Poisonous Vapours        Pois/Air       #.....       12%         2    ###....
 Ignite Poison            Fire/Tmut/Pois #.......     24%         3    ###....
 Mephitic Cloud           Conj/Pois/Air  #.......     32%         3    ###....
 Olgreb's Toxic Radiance  Pois           ###.....     32%         4    #####..


Dungeon Overview and Level Annotations

Branches:
Dungeon (2/15)

Altars:


Innate Abilities, Weirdness & Mutations

You cannot wear most types of armour.
You are very stealthy in the water. (Stealth+)
You are amphibious.
You can wear up to eight rings at the same time.
You can use your tentacles to constrict eight enemies at once.
Your skin changes colour to match your surroundings (Stealth+).
Your rubbery body absorbs attacks. (AC +1, EV +1)


Message History

The scorpion is lightly wounded.
You constrict the scorpion, but do no damage.
The scorpion barely misses you.
You release your grip on the scorpion.
You tentacle-slap the scorpion but do no damage.
You grab the scorpion.
The scorpion is lightly wounded.
You constrict the scorpion, but do no damage.
The scorpion stings you.
You are lethally poisoned!
The scorpion poisons you!
You release your grip on the scorpion.
You feel sick.
There is a stone staircase leading up here.
You feel sick. The scorpion stings you!
Ouch! That really hurt!
* * * LOW HITPOINT WARNING * * *
You are more poisoned.
The scorpion poisons you!
You climb upwards.
You die...

##.##.###.#...##.##.#####.....#.#
###.#.###.##..#...(.....'.....#.#
....#.........#..##)#####.....#.#
###...#.####.##..##(# #.#####..
#####.#.####.##..##(# ###'## ###
....#.#.......#..##.# #....#
##....#####.#.......# #....#
#..........#..s....# #....#
##...##.....#...@...###....#
##...................##....#
##....#.....###......##....#
##....+.....'.#......##....#
##...##.....#.#...........##
###.#########.#.......###########
###....# #.#.......# #.....
..#....# #.#.......# #.....
#.#....# ####.#####.#.# #.....


You could see a scorpion.

Vanquished Creatures
  An ooze (D:1)
  A giant cockroach (D:1)
  2 goblins (D:1)
  2 hobgoblins (D:1)
  5 kobolds
  A ball python (D:1)
  A bat (D:1)
  6 rats (D:1)
19 creatures vanquished.

Notes
Turn   | Place    | Note
-------+----------+-------------------------------------------
     0 | D:1      | Ethylacetat the Octopode Venom Mage began the quest for the
                  | Orb.
     0 | D:1      | Reached XP level 1. HP: 11/11 MP: 3/3
   179 | D:1      | Reached XP level 2. HP: 6/17 MP: 0/5
   187 | D:1      | Reached skill level 4 in Poison Magic
  1332 | D:2      | Noticed a scorpion
  1347 | D:1      | Succumbed to a scorpion's poison

Illustrated notes

Levels and vault maps discovered:
D:1:      minmay_arrival_diagonal_passages, layout_basic
D:2:      layout_basic, gammafunk_temple_of_torment, serial_corexii_hall,
          corexii_hall_statues_l, corexii_hall_statues_x,
          corexii_hall_statues_x, grunt_ministairs_6, minmay_joined_circles

Skill      XL: |  1  2 |
---------------+-------+-----
Poison Magic   | 4 |  4.2
Dodging        | |  2.0
Stealth        | |  2.6
Spellcasting   | |  2.2
Transmutations | |  1.9

Action                   || total
-------------------------++-------
Melee: Unarmed           ||    23
       Constrict         ||     6
       Tentacles         ||     3
 Cast: Sting             ||    27
  Eat: Chunk             ||     1
Armor: Skin              ||     2
Dodge: Dodged            ||    20
